SKY
ATLANTA BRAVES @ PHILADELPHIA PHILLIES
09/21/2052
 
TOP OF THE 1ST
Atlanta Braves batting - Pitching for Philadelphia Phillies : RHP Kirby Rogers
Pitching: RHP Kirby Rogers
Batting: RHB Josias Jaynes 0-0: Called Strike
0-1: Ground out 4-3 (Groundball, 4, EV 83.8 MPH)
Batting: RHB Phooka May 0-0: Ball
1-0: Ground out U3 (Groundball, 34S, EV 76.3 MPH)
Batting: RHB Jagger Macon 0-0: Swinging Strike
0-1: Foul Ball, location: 25F
0-2: Ball
1-2: Ball
2-2: Strikes out swinging
Top of the 1st over - 0 runs, 0 hits, 0 errors, 0 left on base; Atlanta 0 - Philadelphia 0
BOTTOM OF THE 1ST
Philadelphia Phillies batting - Pitching for Atlanta Braves : LHP Mal Smart
Pitching: LHP Mal Smart
Batting: RHB Kyle Negulescu 0-0: Ball
1-0: Ball
2-0: Foul Ball, location: 25F
2-1: Ball
3-1: Foul Ball, location: 2F
3-2: Foul Ball, location: 9LMF
3-2: Fly out, F8 (Flyball, 78M, EV 87.5 MPH)
Batting: RHB Marc Simms 0-0: Called Strike
0-1: Ball
1-1: Swinging Strike
1-2: Ball
2-2: Ball
3-2: Foul Ball, location: 9LSF
3-2: Strikes out swinging
Batting: RHB Marty Booz 0-0: Foul Ball, location: 2F
0-1: Ball
1-1: Ball
2-1: Swinging Strike
2-2: Strikes out swinging
Bottom of the 1st over - 0 runs, 0 hits, 0 errors, 0 left on base; Atlanta 0 - Philadelphia 0
TOP OF THE 2ND
Atlanta Braves batting - Pitching for Philadelphia Phillies : RHP Kirby Rogers
Batting: LHB Adrian Cooke 0-0: Ball
1-0: Foul Ball, location: 2F
1-1: DOUBLE (Groundball, 5L, EV 104.4 MPH)
Batting: SHB Scott Hill 0-0: Foul Ball, location: 7LMF
0-1: Swinging Strike
0-2: Strikes out looking
Batting: RHB C.J. Chayrez 0-0: Ball
1-0: Called Strike
1-1: Called Strike
1-2: Ball
2-2: Fly out, F9 (Flyball, 9, EV 76.9 MPH)
Batting: RHB Peter Guice 0-0: Foul Ball, location: 2F
0-1: Ball
1-1: Called Strike
1-2: Foul Ball, location: 9LDF
1-2: Ball
2-2: Ball
3-2: SINGLE (Line Drive, 8LS, EV 101.9 MPH)
Adrian Cooke to third
Runner from 3rd tries for Home, SAFE, throw by CF to home
Batting: RHB Jase Lucas 0-0: Ball
1-0: Ball
2-0: Foul Ball, location: 2F
2-1: Ball
3-1: Fly out, F3 (Line Drive, 3, EV 68.8 MPH)
Top of the 2nd over - 1 run, 2 hits, 0 errors, 1 left on base; Atlanta 1 - Philadelphia 0
BOTTOM OF THE 2ND
Philadelphia Phillies batting - Pitching for Atlanta Braves : LHP Mal Smart
Batting: RHB Justin Morgan 0-0: Foul Ball, location: 5F
0-1: Swinging Strike
0-2: Ball
1-2: Ball
2-2: Ball
3-2: Strikes out looking
Batting: RHB Karter Williams 0-0: Called Strike
0-1: Ball
1-1: Ball
2-1: Foul Ball, location: 2F
2-2: Foul Ball, location: 23F
2-2: Fly out, F4 (Line Drive, 4M, EV 65.6 MPH)
Batting: RHB Liam Lyons 0-0: Called Strike
0-1: Bunt for hit to 23 - play at first, batter safe!
Batting: LHB Noah Powell 0-0: DOUBLE (Line Drive, 78M, EV 98.8 MPH)
Liam Lyons to third
Runner from 3rd tries for Home, SAFE, no throw by LF
Batting: RHB J.C. Gates 0-0: Foul Ball, location: 2F
0-1: Ball
1-1: Ball
2-1: Ball
3-1: Called Strike
3-2: Ground out 6-3 (Groundball, 6, EV 99.4 MPH)
Bottom of the 2nd over - 1 run, 2 hits, 0 errors, 1 left on base; Atlanta 1 - Philadelphia 1
TOP OF THE 3RD
Atlanta Braves batting - Pitching for Philadelphia Phillies : RHP Kirby Rogers
Batting: RHB Zach Loftin 0-0: Called Strike
0-1: Ball
1-1: Ball
2-1: Fly out, F4 (Popup, 4, EV 76.9 MPH)
Batting: RHB Josias Jaynes 0-0: Foul Ball, location: 3F
0-1: Ball
1-1: Called Strike
1-2: Ball
2-2: Ball
3-2: DOUBLE (Flyball, 89XD, EV 93.8 MPH)
Batting: RHB Phooka May 0-0: Swinging Strike
0-1: Ball
1-1: Foul Ball, location: 9LDF
1-2: Ball
2-2: Ball
3-2: Ground out 5-3 (Groundball, 5L, EV 80.6 MPH)
Batting: RHB Jagger Macon 0-0: Called Strike
0-1: Ball
1-1: Foul Ball, location: 23FF
1-2: Fly out, F6 (Popup, 4M, EV 66.9 MPH)
Top of the 3rd over - 0 runs, 1 hit, 0 errors, 1 left on base; Atlanta 1 - Philadelphia 1
BOTTOM OF THE 3RD
Philadelphia Phillies batting - Pitching for Atlanta Braves : LHP Mal Smart
Batting: SHB Elías Saucedo 0-0: Ball
1-0: Foul Ball, location: 5FF
1-1: Ball
2-1: Foul Ball, location: 5FF
2-2: Strikes out swinging
Batting: RHB Kyle Negulescu 0-0: TRIPLE (Line Drive, 78XD, EV 96.3 MPH)
Batting: RHB Marc Simms 0-0: 2-RUN HOME RUN (Flyball, 7D, EV 96.9 MPH), Distance : 372 ft
Batting: RHB Marty Booz 0-0: Foul Ball, location: 2F
0-1: Foul Ball, location: 9LDF
0-2: Strikes out swinging
Batting: RHB Justin Morgan 0-0: Ball
1-0: Foul Ball, location: 2F
1-1: Ball
2-1: Ground out 5-3 (Groundball, 5, EV 88.8 MPH)
Bottom of the 3rd over - 2 runs, 2 hits, 0 errors, 0 left on base; Atlanta 1 - Philadelphia 3
TOP OF THE 4TH
Atlanta Braves batting - Pitching for Philadelphia Phillies : RHP Kirby Rogers
Batting: LHB Adrian Cooke 0-0: Called Strike
0-1: Ball
1-1: Foul Ball, location: 2F
1-2: Ball
2-2: Foul Ball, location: 5SF
2-2: Ground out 1-3 (Groundball, 13S, EV 73.1 MPH)
Batting: SHB Scott Hill 0-0: Ball
1-0: SINGLE (Groundball, 13, EV 86.3 MPH) (infield hit)
Batting: RHB C.J. Chayrez 0-0: Ball
1-0: Foul Ball, location: 2F
1-1: Ball
2-1: Called Strike
2-2: Foul Ball, location: 9LSF
2-2: Foul Ball, location: 2F
2-2: Strikes out swinging
Batting: RHB Peter Guice 0-0: Swinging Strike
0-1: Ball
1-1: Fly out, F5 (Popup, 56, EV 74.4 MPH)
Top of the 4th over - 0 runs, 1 hit, 0 errors, 1 left on base; Atlanta 1 - Philadelphia 3
BOTTOM OF THE 4TH
Philadelphia Phillies batting - Pitching for Atlanta Braves : LHP Mal Smart
Batting: RHB Karter Williams 0-0: Ball
1-0: Ground out 5-3 (Groundball, 5S, EV 70.6 MPH)
Batting: RHB Liam Lyons 0-0: Called Strike
0-1: Called Strike
0-2: Ball
1-2: Ball
2-2: Ground out 5-3 (Groundball, 6S, EV 68.1 MPH)
Batting: LHB Noah Powell 0-0: Called Strike
0-1: Swinging Strike
0-2: Ground out 4-3 (Groundball, 34, EV 101.9 MPH)
Bottom of the 4th over - 0 runs, 0 hits, 0 errors, 0 left on base; Atlanta 1 - Philadelphia 3
TOP OF THE 5TH
Atlanta Braves batting - Pitching for Philadelphia Phillies : RHP Kirby Rogers
Batting: RHB Jase Lucas 0-0: Called Strike
0-1: Swinging Strike
0-2: Ball
1-2: Ball
2-2: Fly out, F8 (Flyball, 89M, EV 82.5 MPH)
Batting: RHB Zach Loftin 0-0: Called Strike
0-1: TRIPLE (Flyball, 89XD, EV 90.0 MPH)
Batting: RHB Josias Jaynes 0-0: Ball
1-0: Called Strike
1-1: Foul Ball, location: 2F
1-2: Ball
2-2: Ball
3-2: Foul Ball, location: 9LDF
3-2: Foul Ball, location: 2F
3-2: Foul Ball, location: 2F
3-2: Strikes out looking
Batting: RHB Phooka May 0-0: Called Strike
0-1: Swinging Strike
0-2: Ball
1-2: Foul Ball, location: 2LF
1-2: Strikes out swinging
Top of the 5th over - 0 runs, 1 hit, 0 errors, 1 left on base; Atlanta 1 - Philadelphia 3
BOTTOM OF THE 5TH
Philadelphia Phillies batting - Pitching for Atlanta Braves : LHP Mal Smart
Batting: RHB J.C. Gates 0-0: Foul Ball, location: 25FF
0-1: Ball
1-1: Foul Ball, location: 2F
1-2: Ball
2-2: Strikes out swinging
Batting: SHB Elías Saucedo 0-0: Called Strike
0-1: Foul Ball, location: 9LDF
0-2: Foul Ball, location: 3FF
0-2: Ball
1-2: Ball
2-2: Ball
3-2: Fly out, F8 (Line Drive, 8LD, EV 95.6 MPH)
Batting: RHB Kyle Negulescu 0-0: Ball
1-0: Foul Ball, location: 3F
1-1: Ball
2-1: Foul Ball, location: 5DF
2-2: Foul Ball, location: 3F
2-2: Ground out 1-3 (Groundball, 15S, EV 65.6 MPH)
Bottom of the 5th over - 0 runs, 0 hits, 0 errors, 0 left on base; Atlanta 1 - Philadelphia 3
TOP OF THE 6TH
Atlanta Braves batting - Pitching for Philadelphia Phillies : RHP Kirby Rogers
Batting: RHB Jagger Macon 0-0: Ball
1-0: Called Strike
1-1: Ball
2-1: Foul Ball, location: 23F
2-2: Strikes out swinging
Batting: LHB Adrian Cooke 0-0: Ball
1-0: Called Strike
1-1: Ground out U3 (Groundball, 3, EV 99.4 MPH)
Batting: SHB Scott Hill 0-0: Ball
1-0: Swinging Strike
1-1: Ball
2-1: Foul Ball, location: 2F
2-2: Strikes out swinging
Top of the 6th over - 0 runs, 0 hits, 0 errors, 0 left on base; Atlanta 1 - Philadelphia 3
BOTTOM OF THE 6TH
Philadelphia Phillies batting - Pitching for Atlanta Braves : LHP Mal Smart
Batting: RHB Marc Simms 0-0: Called Strike
0-1: Ball
1-1: Ball
2-1: Called Strike
2-2: Ground out 4-3 (Groundball, 4, EV 101.9 MPH)
Batting: RHB Marty Booz 0-0: Ground out 4-3 (Groundball, 34, EV 98.8 MPH)
Batting: RHB Justin Morgan 0-0: Called Strike
0-1: Ball
1-1: Swinging Strike
1-2: Foul Ball, location: 3FF
1-2: Strikes out swinging
Bottom of the 6th over - 0 runs, 0 hits, 0 errors, 0 left on base; Atlanta 1 - Philadelphia 3
TOP OF THE 7TH
Atlanta Braves batting - Pitching for Philadelphia Phillies : RHP Kirby Rogers
Pitching: RHP Isaiah Williams
Batting: RHB C.J. Chayrez 0-0: Swinging Strike
0-1: Ball
1-1: Called Strike
1-2: Strikes out swinging
Batting: RHB Peter Guice 0-0: Called Strike
0-1: Called Strike
0-2: Ball
1-2: Strikes out swinging
Batting: RHB Jase Lucas 0-0: Ball
1-0: Foul Ball, location: 5F
1-1: Fly out, F8 (Flyball, 89D, EV 106.9 MPH)
Top of the 7th over - 0 runs, 0 hits, 0 errors, 0 left on base; Atlanta 1 - Philadelphia 3
BOTTOM OF THE 7TH
Philadelphia Phillies batting - Pitching for Atlanta Braves : LHP Mal Smart
Pitching: RHP Nate Southard
Batting: RHB Karter Williams 0-0: Ball
1-0: Ball
2-0: Ball
3-0: Called Strike
3-1: Foul Ball, location: 5FF
3-2: Ground out 5-3 (Groundball, 56S, EV 83.1 MPH)
Batting: RHB Liam Lyons 0-0: Foul Ball, location: 2F
0-1: DOUBLE (Line Drive, 78XD, EV 108.1 MPH)
Batting: LHB Noah Powell 0-0: Intentional Walk
Batting: RHB J.C. Gates 0-0: Called Strike
0-1: Called Strike
0-2: Ball
1-2: Strikes out looking
Batting: SHB Elías Saucedo 0-0: Called Strike
0-1: Ball
1-1: Swinging Strike
1-2: Foul Ball, location: 2F
1-2: Strikes out swinging
Bottom of the 7th over - 0 runs, 1 hit, 0 errors, 2 left on base; Atlanta 1 - Philadelphia 3
TOP OF THE 8TH
Atlanta Braves batting - Pitching for Philadelphia Phillies : RHP Isaiah Williams
Now at 2B: Gilbert Lee
Now in CF: George Copa
Now in RF: Karter Williams
Pinch Hitting: LHB Isaiah Howerton 0-0: Foul Ball, location: 25F
0-1: Foul Ball, location: 9LMF
0-2: Ball
1-2: Foul Ball, location: 3F
1-2: Ball
2-2: SINGLE (Line Drive, 78S, EV 95.0 MPH)
Batting: RHB Josias Jaynes 0-0: Ball
1-0: Foul Ball, location: 9LMF
1-1: Foul Ball, location: 9LDF
1-2: Strikes out looking
Pinch Hitting: LHB Wyatt Ritter 0-0: Swinging Strike
0-1: Foul Ball, location: 2F
0-2: DOUBLE (Flyball, 8RXD, EV 110.6 MPH)
Isaiah Howerton to third
Runner from 3rd tries for Home, SAFE, no throw by CF
Batting: RHB Jagger Macon 0-0: Called Strike
0-1: Ball
1-1: Ground out 4-3 (Groundball, 34, EV 85.6 MPH)
Wyatt Ritter to third
Pitching: LHP Sean White
Batting: RHB Sebastian Rolon 0-0: SINGLE (Line Drive, 8RS, EV 106.3 MPH)
Wyatt Ritter scores
Pitching: RHP Grant Thomas
Batting: SHB Scott Hill 0-0: Ground out U3 (Groundball, 34S, EV 83.8 MPH)
Top of the 8th over - 2 runs, 3 hits, 0 errors, 1 left on base; Atlanta 3 - Philadelphia 3
BOTTOM OF THE 8TH
Philadelphia Phillies batting - Pitching for Atlanta Braves : RHP Nate Southard
Now at SS: Aiden Newman
Now in CF: Steven Filar
Batting: RHB Kyle Negulescu 0-0: Called Strike
0-1: Ball
1-1: Swinging Strike
1-2: Ball
2-2: Foul Ball, location: 2F
2-2: Ball
3-2: Ground out 6-3 (Groundball, 6, EV 86.9 MPH)
Pinch Hitting: LHB Rio Ramos 0-0: Called Strike
0-1: Swinging Strike
0-2: Foul Ball, location: 3F
0-2: Ball
1-2: Strikes out swinging
Pitching: RHP Eliot Le Bras
Batting: LHB George Copa 0-0: Ball
1-0: Called Strike
1-1: Swinging Strike
1-2: Ground out 5-3 (Groundball, 56, EV 91.3 MPH)
Bottom of the 8th over - 0 runs, 0 hits, 0 errors, 0 left on base; Atlanta 3 - Philadelphia 3
TOP OF THE 9TH
Atlanta Braves batting - Pitching for Philadelphia Phillies : RHP Grant Thomas
Now in LF: Karter Williams
Now in RF: Colt Agner
Batting: RHB C.J. Chayrez 0-0: Fly out, F9 (Flyball, 9S, EV 80.6 MPH)
Pinch Hitting: LHB Jacob Walters 0-0: Called Strike
0-1: Ball
1-1: Ball
2-1: Ground out 5-3 (Groundball, 56, EV 93.1 MPH)
Batting: RHB Jase Lucas 0-0: Ball
1-0: Ground out 6-3 (Groundball, 6, EV 101.3 MPH)
Top of the 9th over - 0 runs, 0 hits, 0 errors, 0 left on base; Atlanta 3 - Philadelphia 3
BOTTOM OF THE 9TH
Philadelphia Phillies batting - Pitching for Atlanta Braves : RHP Eliot Le Bras
Now at 2B: Gregory Tuff
Batting: RHB Justin Morgan 0-0: Called Strike
0-1: Called Strike
0-2: Ball
1-2: Strikes out swinging
Batting: RHB Karter Williams 0-0: Foul Ball, location: 9LDF
0-1: Ball
1-1: Ground out 6-3 (Groundball, 6S, EV 91.9 MPH)
Batting: RHB Gilbert Lee 0-0: Swinging Strike
0-1: Foul Ball, location: 5FF
0-2: Foul Ball, location: 2F
0-2: Foul Ball, location: 23F
0-2: Fly out, F7 (Flyball, 7S, EV 73.8 MPH)
Bottom of the 9th over - 0 runs, 0 hits, 0 errors, 0 left on base; Atlanta 3 - Philadelphia 3
TOP OF THE 10TH
Atlanta Braves batting - Pitching for Philadelphia Phillies : RHP Grant Thomas
Pitching: RHP Rodrigo Rodríguez
Batting: RHB Aiden Newman 0-0: Ball
1-0: Called Strike
1-1: Ball
2-1: Ball
3-1: Foul Ball, location: 2F
3-2: Ground out 6-3 (Groundball, 6M, EV 100.6 MPH)
Batting: RHB Josias Jaynes 0-0: Ball
1-0: Foul Ball, location: 23F
1-1: Ball
2-1: Foul Ball, location: 9LSF
2-2: Foul Ball, location: 2LF
2-2: Ball
3-2: SINGLE (Line Drive, 8LS, EV 101.3 MPH)
Batting: RHB Steven Filar 0-0: Called Strike
0-1: Fielders Choice at 2nd, 4-6 (Groundball, 4M, EV 86.9 MPH)
Batting: RHB Jagger Macon 0-0: Ball
1-0: Called Strike
1-1: Ball
2-1: Ball
3-1: Base on Balls
Steven Filar to second
Batting: RHB Sebastian Rolon 0-0: SINGLE (Groundball, 6M, EV 108.8 MPH) (infield hit)
Steven Filar to third
Jagger Macon to second
Pitching: RHP Vincente Proctor
Batting: SHB Scott Hill 0-0: Ball
1-0: Ball
2-0: Ball
3-0: Called Strike
3-1: Fly out, F8 (Flyball, 8RXD, EV 99.4 MPH)
Top of the 10th over - 0 runs, 2 hits, 0 errors, 3 left on base; Atlanta 3 - Philadelphia 3
BOTTOM OF THE 10TH
Philadelphia Phillies batting - Pitching for Atlanta Braves : RHP Eliot Le Bras
Pitching: LHP Arturo Frank
Batting: RHB Josiah Mandel 0-0: Ball
1-0: Ball
2-0: Called Strike
2-1: Swinging Strike
2-2: Foul Ball, location: 2F
2-2: Fly out, F7 (Line Drive, 7S, EV 99.4 MPH)
Batting: RHB J.C. Gates 0-0: Ground out 5-3 (Groundball, 56S, EV 68.8 MPH)
Pinch Hitting: RHB Ariel Fernández 0-0: Foul Ball, location: 2F
0-1: Foul Ball, location: 2F
0-2: Strikes out swinging
Bottom of the 10th over - 0 runs, 0 hits, 0 errors, 0 left on base; Atlanta 3 - Philadelphia 3
TOP OF THE 11TH
Atlanta Braves batting - Pitching for Philadelphia Phillies : RHP Vincente Proctor
Now at SS: Oliver Sierra
Batting: RHB C.J. Chayrez 0-0: Called Strike
0-1: Foul Ball, location: 23F
0-2: Foul Ball, location: 9LMF
0-2: Strikes out swinging
Batting: RHB Gregory Tuff 0-0: Fly out, F4 (Popup, 4D, EV 48.1 MPH)
Batting: RHB Jase Lucas 0-0: Called Strike
0-1: Ball
1-1: Fly out, F7 (Flyball, 7, EV 89.4 MPH)
Top of the 11th over - 0 runs, 0 hits, 0 errors, 0 left on base; Atlanta 3 - Philadelphia 3
BOTTOM OF THE 11TH
Philadelphia Phillies batting - Pitching for Atlanta Braves : LHP Arturo Frank
Batting: RHB Kyle Negulescu 0-0: Foul Ball, location: 9LDF
0-1: Swinging Strike
0-2: Ball
1-2: Fly out, F4 (Popup, 4M, EV 68.1 MPH)
Batting: LHB Colt Agner 0-0: Swinging Strike
0-1: Ball
1-1: Ball
2-1: Swinging Strike
2-2: Strikes out swinging
Batting: LHB George Copa 0-0: Foul Ball, location: 2F
0-1: Swinging Strike
0-2: Ball
1-2: Foul Ball, location: 3F
1-2: Ball
2-2: Foul Ball, location: 3F
2-2: Strikes out looking
Bottom of the 11th over - 0 runs, 0 hits, 0 errors, 0 left on base; Atlanta 3 - Philadelphia 3
TOP OF THE 12TH
Atlanta Braves batting - Pitching for Philadelphia Phillies : RHP Vincente Proctor
Batting: RHB Aiden Newman 0-0: Called Strike
0-1: SINGLE (Line Drive, 89S, EV 108.1 MPH)
Batting: RHB Josias Jaynes 0-0: Called Strike
0-1: Ball
1-1: Ball
2-1: Foul Ball, location: 23FF
2-2: Grounds into double play, 5-4-3 (Groundball, 56S, EV 88.8 MPH)
Batting: RHB Steven Filar 0-0: Called Strike
0-1: Foul Ball, location: 5F
0-2: Ball
1-2: Foul Ball, location: 9LMF
1-2: Ball
2-2: Strikes out swinging
Top of the 12th over - 0 runs, 1 hit, 0 errors, 0 left on base; Atlanta 3 - Philadelphia 3
BOTTOM OF THE 12TH
Philadelphia Phillies batting - Pitching for Atlanta Braves : LHP Arturo Frank
Batting: RHB Justin Morgan 0-0: Ball
1-0: Ball
2-0: Called Strike
2-1: Swinging Strike
SINGLE, but batter called out on appeal for missing first base!
Batting: RHB Karter Williams 0-0: Ball
1-0: Ball
2-0: Ground out U3 (Groundball, 3, EV 80.0 MPH)
Batting: RHB Gilbert Lee 0-0: Swinging Strike
0-1: Foul Ball, location: 5FF
0-2: Ball
1-2: Strikes out swinging
Bottom of the 12th over - 0 runs, 0 hits, 0 errors, 0 left on base; Atlanta 3 - Philadelphia 3
TOP OF THE 13TH
Atlanta Braves batting - Pitching for Philadelphia Phillies : RHP Vincente Proctor
Batting: RHB Jagger Macon 0-0: Foul Ball, location: 9LSF
0-1: Ball
1-1: Called Strike
1-2: Strikes out swinging
Batting: RHB Sebastian Rolon 0-0: Ball
1-0: Swinging Strike
1-1: Ball
2-1: Fly out, F8 (Line Drive, 89M, EV 93.8 MPH)
Batting: SHB Scott Hill 0-0: Called Strike
0-1: Foul Ball, location: 3F
0-2: Strikes out swinging
Top of the 13th over - 0 runs, 0 hits, 0 errors, 0 left on base; Atlanta 3 - Philadelphia 3
BOTTOM OF THE 13TH
Philadelphia Phillies batting - Pitching for Atlanta Braves : LHP Arturo Frank
Pitching: RHP Miguel Valdez
Batting: RHB Josiah Mandel 0-0: Ball
1-0: Called Strike
1-1: Ball
2-1: Ground out 4-3 (Groundball, 4, EV 85.0 MPH)
Pinch Hitting: RHB B.J. Pelletier 0-0: Ball
1-0: Fly out, F8 (Flyball, 8LD, EV 96.9 MPH)
Batting: LHB Oliver Sierra 0-0: Ball
1-0: Fly out, F7 (Flyball, 78D, EV 109.4 MPH)
Bottom of the 13th over - 0 runs, 0 hits, 0 errors, 0 left on base; Atlanta 3 - Philadelphia 3
TOP OF THE 14TH
Atlanta Braves batting - Pitching for Philadelphia Phillies : RHP Vincente Proctor
Pitching: RHP Ben Williams
Now at C: B.J. Pelletier
Batting: RHB C.J. Chayrez 0-0: Called Strike
0-1: Ball
1-1: Ball
2-1: SINGLE (Groundball, 56, EV 104.4 MPH)
Batting: RHB Gregory Tuff 0-0: Ball
1-0: Sac Bunt to 15 - play at first, batter OUT! 1-3
C.J. Chayrez to second
Batting: RHB Jase Lucas 0-0: Foul Ball, location: 2F
0-1: Foul Ball, location: 5FF
0-2: Foul Ball, location: 2LF
0-2: Ball
1-2: Foul Ball, location: 2F
1-2: Ground out 5-3 (Groundball, 56S, EV 93.1 MPH)
Batting: RHB Aiden Newman 0-0: Ball
1-0: Swinging Strike
1-1: Ball
2-1: Foul Ball, location: 7LDF
2-2: Ball
3-2: Foul Ball, location: 2F
3-2: Foul Ball, location: 2F
3-2: Foul Ball, location: 2F
3-2: Base on Balls
Batting: RHB Josias Jaynes 0-0: Swinging Strike
0-1: Ball
1-1: Ball
2-1: Called Strike
2-2: Ball
3-2: Strikes out swinging
Top of the 14th over - 0 runs, 1 hit, 0 errors, 2 left on base; Atlanta 3 - Philadelphia 3
BOTTOM OF THE 14TH
Philadelphia Phillies batting - Pitching for Atlanta Braves : RHP Miguel Valdez
Batting: RHB Kyle Negulescu 0-0: Ball
1-0: Ground out 6-3 (Groundball, 6, EV 81.3 MPH)
Batting: LHB Colt Agner 0-0: Called Strike
0-1: Foul Ball, location: 23F
0-2: Foul Ball, location: 2F
0-2: Strikes out swinging
Batting: LHB George Copa 0-0: Foul Ball, location: 2F
0-1: Called Strike
0-2: SINGLE (Flyball, 7LS, EV 93.8 MPH)
Batting: RHB Justin Morgan 0-0: Foul Ball, location: 7LSFF
0-1: Ball
1-1: Ball
2-1: Foul Ball, location: 2F
2-2: Foul Ball, location: 25F
2-2: Fly out, F8 (Flyball, 8LM, EV 94.4 MPH)
Bottom of the 14th over - 0 runs, 1 hit, 0 errors, 1 left on base; Atlanta 3 - Philadelphia 3
TOP OF THE 15TH
Atlanta Braves batting - Pitching for Philadelphia Phillies : RHP Ben Williams
Batting: RHB Steven Filar 0-0: Ball
1-0: Ground out 6-3 (Groundball, 6, EV 88.8 MPH)
Batting: RHB Jagger Macon 0-0: SINGLE (Groundball, 3D, EV 99.4 MPH)
Batting: RHB Sebastian Rolon 0-0: SINGLE (Flyball, 8RS, EV 95.6 MPH)
Jagger Macon to second
Runner from 2nd tries for 3rd, SAFE, no throw by CF
Batting: SHB Scott Hill 0-0: Ball
1-0: Ball
Sebastian Rolon steals 2nd base (no throw)
2-0: Intentional Walk
Batting: RHB C.J. Chayrez 0-0: Ball
1-0: Foul Ball, location: 9LMF
1-1: Fly out, F8 (Flyball, 8LD, EV 103.8 MPH)
Runner from 3rd tags up, SCORES, throw by CF
Batting: RHB Gregory Tuff 0-0: Called Strike
Scott Hill steals 2nd base
Sebastian Rolon steals 3rd base
0-1: Ball
1-1: Fly out, F8 (Line Drive, 78D, EV 98.8 MPH)
Top of the 15th over - 1 run, 2 hits, 0 errors, 2 left on base; Atlanta 4 - Philadelphia 3
BOTTOM OF THE 15TH
Philadelphia Phillies batting - Pitching for Atlanta Braves : RHP Miguel Valdez
Batting: RHB Karter Williams 0-0: Ball
1-0: Ball
2-0: Foul Ball, location: 9LDF
2-1: Foul Ball, location: 5F
2-2: Foul Ball, location: 2F
2-2: Fly out, F7 (Line Drive, 78D, EV 90.0 MPH)
Batting: RHB Gilbert Lee 0-0: Swinging Strike
0-1: Fly out, F9 (Flyball, 9S, EV 80.0 MPH)
Batting: RHB Josiah Mandel 0-0: Ball
1-0: Ball
2-0: Foul Ball, location: 2F
2-1: Ball
3-1: Foul Ball, location: 2F
3-2: Foul Ball, location: 2F
3-2: Strikes out swinging
Bottom of the 15th over - 0 runs, 0 hits, 0 errors, 0 left on base; Atlanta 4 - Philadelphia 3
Wednesday, May 8th , 2024 - OOTP Baseball 24.11 Build 85